 Dungeon Crawl Stone Soup version 0.29-a0-914-g906f1d757c (webtiles) character file.

Game seed: 10580291030982420441

134806 leavemydog the Severer (level 16, -12/137 HPs)
             Began as a Minotaur Fighter on July 26, 2022.
             Was the Champion of Cheibriados.
             Shot with an arrow by a deep elf master archer (17 damage)
             ... on level 3 of the Elven Halls.
             The game lasted 01:38:51 (33264 turns).

leavemydog the Severer (Minotaur Fighter)          Turns: 33264, Time: 01:38:52

Health: -12/137    AC: 31    Str: 42    XL:     16   Next: 63%
Magic:  21/26      EV: 10    Int: 24    God:    Cheibriados [******]
Gold:   1492       SH: 11    Dex: 27    Spells: 18/30 levels left

rFire   + + .      SeeInvis .   a - +7 broad axe "Cookie Cutter" {pain, *Corrode rElec Will+ Str+4}
rCold   . . .      Faith    .   I - +3 buckler
rNeg    . . .      Spirit   .   F - +3 scale mail {rF+}
rPois   .          Reflect  .   (helmet restricted)
rElec   +          Harm     .   f - +2 cloak
rCorr   .          Rampage  .   h - +1 pair of gloves
Will    ++...                   M - +2 pair of boots {Fly}
Stlth   ..........              (no amulet)
HPRegen 0.32/turn               R - ring of the Tortoise {AC+8}
MPRegen 0.20/turn               u - ring of protection from fire

@: silenced, flying, studying Maces & Flails, very slow
A: horns 2, retaliatory headbutt
a: Renounce Religion


You were on level 3 of the Elven Halls.
You worshipped Cheibriados.
Cheibriados was exalted by your worship.
You visited 5 branches of the dungeon, and saw 26 of its levels.
You also visited: Gauntlet and Ice Cave.

You collected 2940 gold pieces.
You spent 1448 gold pieces at shops.

Inventory:

Hand Weapons
 a - the +7 broad axe "Cookie Cutter" (weapon) {pain, *Corrode rElec Will+ Str+4}
   (You acquired it on level 1 of the Elven Halls)

   In the hands of one skilled in necromantic magic, it inflicts extra damage on
   living creatures.
   Str:       It affects your strength (+4).
   rElec:     It insulates you from electricity.
   *Corrode:  It may corrode you when you take damage.
   Will:      It increases your willpower.
 D - a +6 war axe of flaming
 E - the +9 whip "Beotyno" {holy, rCorr Str+4 Dex+2}
   (You found it on level 7 of the Dungeon)

   It has been blessed by the Shining One to cause great damage to the undead
   and demons.
   Str:       It affects your strength (+4).
   Dex:       It affects your dexterity (+2).
   rCorr:     It protects you from acid and corrosion.
 N - a +4 war axe of freezing
Armour
 f - a +2 cloak (worn)
 h - a +1 pair of gloves (worn)
 F - a +3 scale mail of fire resistance (worn)
 H - the +1 robe of Bufidam {Regen+ Int+4 Dex-2}
   (You found it on level 1 of the Elven Halls)

   Int:       It affects your intelligence (+4).
   Dex:       It affects your dexterity (-2).
   Regen:     It increases your rate of health regeneration.
 I - a +3 buckler (worn)
 M - a +2 pair of boots of flying (worn)
 O - +0 ice dragon scales
 P - a +1 kite shield of cold resistance
Jewellery
 k - a ring of poison resistance
 u - a ring of protection from fire (right hand)
 Q - a ring of ice
 R - the ring of the Tortoise (left hand) {AC+8}
   (You found it in an ice cave)

   [ring of protection]

   AC:        It affects your AC (+8).
 S - a ring of protection from cold
Wands
 c - a wand of light (14)
 p - a wand of paralysis (15)
 s - a wand of mindburst (22)
 G - a wand of digging (3)
 J - a wand of polymorph (2)
 X - a wand of iceblast (20)
 Z - a wand of flame (10)
Scrolls
 d - 10 scrolls of fog
 e - a scroll of brand weapon
 j - 7 scrolls of identify
 l - 8 scrolls of teleportation
 m - 6 scrolls of magic mapping
 q - 9 scrolls of amnesia
 r - a scroll of summoning
 w - a scroll of torment
 x - a scroll of silence
 y - 3 scrolls of blinking
 B - a scroll of poison
 C - 5 scrolls of immolation
 K - 5 scrolls of fear
 L - a scroll of vulnerability
Potions
 b - 4 potions of cancellation
 g - 5 potions of flight
 i - 3 potions of resistance
 n - 2 potions of mutation
 o - 2 potions of attraction
 v - 2 potions of invisibility
 A - 2 potions of ambrosia
 Y - 3 potions of brilliance
Miscellaneous
 U - a lightning rod (4/4)


   Skills:
 - Level 11.3 Fighting
 - Level 17.1(18.0) Axes
 - Level 9.4(14.3) Maces & Flails
 + Level 15.5 Armour
 - Level 10.4 Shields
 * Level 7.5 Spellcasting
 * Level 8.7 Translocations
 * Level 3.2 Transmutations
 * Level 13.0 Invocations


You had 18 spell levels left.
You knew the following spells:

 Your Spells              Type           Power      Damage    Failure   Level
a - Blink                 Tloc           100%       N/A       1%          2
b - Lesser Beckoning      Tloc           50%        N/A       1%          3
c - Manifold Assault      Tloc           50%        N/A       9%          5
d - Passwall              Tmut/Erth      13%        N/A       10%         2

Your spell library contained the following spells:

 Spells                   Type           Power      Damage    Failure   Level
 Apportation              Tloc           100%       N/A       1%          1
 Beastly Appendage        Tmut           48%        N/A       3%          1
 Wereblood                Tmut           24%        N/A       4%          2
 Portal Projectile        Hex/Tloc       60%        N/A       6%          3
 Magic Dart               Conj           36%        1d4       12%         1
 Summon Small Mammal      Summ           36%        N/A       12%         1
 Ensorcelled Hibernation  Hex/Ice        18%        N/A       19%         2
 Scorch                   Fire           18%        2d6       19%         2
 Searing Ray              Conj           18%        2d5       19%         2
 Spider Form              Tmut/Pois      16%        N/A       19%         3
 Iskenderun's Mystic Bla  Conj/Tloc      30%        2d8       19%         4
 Ignite Poison            Fire/Tmut/Pois 14%        N/A       22%         3
 Call Canine Familiar     Summ           9%         N/A       34%         3
 Conjure Flame            Conj/Fire      9%         6-21      34%         3
 Dazzling Flash           Conj/Hex       18%        N/A       34%         3
 Inner Flame              Hex/Fire       9%         N/A       34%         3
 Summon Guardian Golem    Hex/Summ       9%         N/A       34%         3
 Swiftness                Air            9%         N/A       34%         3
 Tukima's Dance           Hex            9%         N/A       34%         3
 Blade Hands              Tmut           12%        N/A       65%         5
 Cause Fear               Hex            4%         N/A       75%         4
 Flame Wave               Conj/Fire      9%         2d5       75%         4
 Fulminant Prism          Conj/Hex       4%         3d6       75%         4
 Leda's Liquefaction      Hex/Erth       4%         N/A       75%         4
 Sticky Flame             Conj/Fire      9%         2d3       75%         4
 Alistair's Intoxication  Tmut/Pois      10%        N/A       86%         5
 Summon Mana Viper        Hex/Summ       9%         N/A       97%         5
 Starburst                Conj/Fire      4%         6d4       100%        6
 Summon Cactus Giant      Summ           4%         N/A       100%        6
 Dragon Form              Tmut           12%        N/A       100%        7
 Monstrous Menagerie      Summ           4%         N/A       100%        7
 Dragon's Call            Summ           4%         N/A       100%        9
 Fire Storm               Conj/Fire      4%         8d1       100%        9


Dungeon Overview and Level Annotations

Branches:
Dungeon (15/15)            Temple (1/1) D:4            Lair (5/5) D:9
 Shoals (0/4) Lair:2        Snake (0/4) Lair:2        Slime (0/5) Lair:4
    Orc (2/2) D:9             Elf (3/3) Orc:2        Vaults (0/5) D:14
 Depths (0/4) D:15          IceCv (visited)         Gauntlet (visited)

Altars:
Ashenzari
Cheibriados
Dithmenos
Elyvilon
Fedhas
Gozag
Hepliaklqana
Kikubaaqudgha
Makhleb
Nemelex Xobeh
Okawaru
Qazlal
Ru
Sif Muna
Trog
Uskayaw
Vehumet
Wu Jian
Xom
Yredelemnul
Zin
The Shining One

Shops:
D:3 :   D:5 [*[=:   D:6 [   D:15 [   Orc:2 ?*?=   Elf:2 (   Elf:3 [

Annotations:
Lair:5 Nessos


Innate Abilities, Weirdness & Mutations

You have a pair of horns on your head.
You reflexively headbutt those who attack you in melee.


Message History

The deep elf master archer shoots an arrow.
You block the arrow.
You block the deep elf blademaster's attack.
The deep elf blademaster hits you with a +0 rapier!
* * * LOW HITPOINT WARNING * * *
The deep elf elementalist hits you but does no damage.
The deep elf master archer shoots an arrow.
The arrow hits you but does no damage.
The deep elf elementalist points next to the earth elemental and mumbles some strange words.
Some walls begin to move on their own!
Okay, then.
Magic scrolls do not work when you're silenced!
Unknown command.
Okay, then.
The earth elemental attacks as you move away!
The earth elemental hits you but does no damage.
The deep elf blademaster hits you with a +0 rapier.
* * * LOW HITPOINT WARNING * * *
The deep elf blademaster hits you but does no damage. x3
The deep elf sorcerer misses you.
The deep elf blademaster hits you but does no damage. x2
The deep elf sorcerer hits you with a +0 long sword.
* * * LOW HITPOINT WARNING * * *
The deep elf elementalist casts a spell at the earth elemental.
Some walls begin to move on their own!
The earth elemental disappears in a puff of smoke!
The deep elf elementalist casts a spell at you.
Some walls begin to move on their own!
The deep elf master archer shoots an arrow.
The arrow hits you.
* * * LOW HITPOINT WARNING * * *
The deep elf elementalist gestures next to you while chanting.
Some walls begin to move on their own!
You block the deep elf sorcerer's attack.
The deep elf blademaster hits you but does no damage.
The deep elf blademaster hits you with a +0 rapier!
* * * LOW HITPOINT WARNING * * *
The deep elf master archer shoots an arrow.
The arrow hits you!
You die...

.......##.# #......
......## #.###..........
#...##.## #.#)...........
#...###.## #))...........
#...# ##.###)#.......#.#
#...# ##.#..###.......#
....# ##.#.#.EE......#
..#.## ###.#.E.E.....##
.###.## #...E@eE.###.###
##
##.#########Eee).E..#... #
##.......###EEeE...#.# ##
##.#.####.# #...EE....#
.###.......#.####...#...##
#.#.#.#.#......###.#......
##.##.#.#..#.#. ##..#...
.......####### ####.#
......## ...


You could see a deep elf blademaster, a deep elf master archer, a deep elf
sorcerer (fast), a deep elf elementalist (fast, repels missiles) and 13 earth
elementals.

Vanquished Creatures
  Jorgrun (D:15)
  Asterion (Elf:3)
  Agnes (D:15)
  2 deep elf sorcerers (Elf:3)
  An orc warlord (Orc:1)
  A juggernaut zombie (D:15)
  A deep elf annihilator (Elf:3)
  A minotaur (Gauntlet)
  Azrael (D:13)
  An ettin (D:14)
  Erolcha (D:13)
  An ice dragon (IceCv)
  6 boulder beetles
  A catoblepas (D:14)
  7 hydras
  4 two-headed ogres
  The ghost of zikan the Cleaver, a novice HOFi of Beogh (D:8)
  25 dancing weapons
  3 centaur warriors
  A tengu warrior (D:14)
  An orc high priest (Elf:2)
  2 thrashing horrors (Gauntlet)
  Sonja (D:13)
  14 deep elf knights
  An iron troll (D:14)
  A shadow wraith (D:14)
  A spark wasp zombie (D:15)
  A skeletal warrior (D:15)
  5 deep elf archers
  A lindwurm (Lair:4)
  A lindwurm (shapeshifter) (Elf:2)
  A phantasmal warrior (D:15)
  5 orc knights
  22 deep elf pyromancers
  A necromancer (D:15)
  16 ugly things
  23 deep elf zephyrmancers
  An oklob plant (Lair:3)
  An orc sorcerer (Orc:1)
  6 black mambas
  A torpor snail (Lair:1)
  Maurice (D:10)
  9 elephants
  A merfolk siren (Lair:2)
  2 ice statues (IceCv)
  9 cane toads
  Maggie (D:7)
  2 gargoyles
  2 kobold demonologists (D:11)
  2 efreet (D:13)
  7 komodo dragons
  3 rime drakes (IceCv)
  A guardian mummy (D:15)
  2 tengu conjurers
  3 yaktaurs (D:15)
  6 meliai
  3 trolls
  A merfolk (D:9)
  A meliai (shapeshifter) (D:14)
  3 polar bears
  23 blink frogs
  A hornet (D:10)
  3 slime creatures (D:15)
  4 small abominations (Gauntlet)
  6 wraiths
  2 spriggan skeletons (D:15)
  2 shadows (D:11)
  7 wyverns
  A vampire (D:12)
  3 basilisks
  6 fire elementals
  3 water elementals
  62 yaks
  Eustachio (D:4)
  4 vampire mosquitoes (D:13)
  4 nagas (Lair:2)
  4 wargs
  An acid dragon (D:12)
  2 hell hounds (D:13)
  8 water moccasins
  40 orc warriors
  A sky beast (D:6)
  An ice beast (D:6)
  4 black bears
  9 wolves
  The ghost of inmateoo the Insei, an amateur DsGl of Cheibriados (D:4)
  18 centaurs
  13 ogres
  2 phantoms (D:5)
  3 kobold brigands
  16 bullfrogs
  2 necrophages
  4 earth elementals
  5 scorpions
  5 wights (D:8)
  2 lindwurm simulacra (IceCv)
  3 killer bees (D:8)
  6 howler monkeys
  2 electric eels
  4 crimson imps (D:4)
  7 komodo dragon simulacra (IceCv)
  12 orc priests
  A gnoll bouda (D:5)
  Terence (D:3)
  11 hell rats
  2 iguanas
  18 orc wizards
  Robin (D:2)
  6 acid dragon simulacra (IceCv)
  5 adders
  17 gnolls
  8 river rats (Lair:1)
  A shadow imp (D:6)
  A white imp (D:6)
  6 steam dragon simulacra (IceCv)
  A worm (D:2)
  A dart slug (D:2)
  92 orcs
  6 endoplasms
  4 giant cockroaches
  14 goblins
  7 hobgoblins
  3 quokkas
  5 ball pythons
  7 bats
  4 frilled lizards
  17 kobolds
  7 rats
779 creatures vanquished.

Vanquished Creatures (others)
  2 deep elf knights (Elf:2)
  A wizard (D:14)
  A deep elf pyromancer (Elf:2)
  A rime drake (IceCv)
  An orc warrior (Orc:2)
  A fire vortex (Lair:5)
  44 fungi
  42 plants
  11 withered plants (D:15)
104 creatures vanquished.

Grand Total: 883 creatures vanquished

Notes
Turn   | Place    | Note
-------+----------+-------------------------------------------
     0 | D:1      | leavemydog the Minotaur Fighter began the quest for the
                  | Orb.
     0 | D:1      | Reached XP level 1. HP: 19/19 MP: 0/0
    40 | D:1      | Found a faded altar of an unknown god.
   164 | D:1      | Reached XP level 2. HP: 26/27 MP: 1/1
   388 | D:1      | Reached skill level 3 in Axes
   544 | D:2      | Reached XP level 3. HP: 33/33 MP: 2/2
   617 | D:2      | Got Futtiama's Spellbook of the Pyre and Elsewhere
   664 | D:2      | Noticed Robin
   675 | D:2      | Killed Robin
   676 | D:2      | Reached XP level 4. HP: 27/40 MP: 3/3
  1327 | D:2      | Reached skill level 4 in Axes
  1695 | D:3      | Found an ancient bone altar of Kikubaaqudgha.
  1816 | D:3      | Noticed Terence
  1828 | D:3      | Killed Terence
  1841 | D:3      | Found Aciysh's Book Shop.
  1920 | D:3      | Reached XP level 5. HP: 47/47 MP: 4/4
  2014 | D:4      | Noticed a wyvern
  2027 | D:4      | Killed a wyvern
  2028 | D:4      | Reached skill level 6 in Axes
  2028 | D:4      | Reached XP level 6. HP: 10/53 MP: 5/5
  2312 | D:4      | Found a transporter.
  2329 | D:4      | Found a transporter.
  2578 | D:4      | Found a staircase to the Ecumenical Temple.
  2586 | Temple   | Entered the Ecumenical Temple
  2716 | Temple   | Became a worshipper of Cheibriados the Contemplative
  2879 | D:4      | You fall into a shaft and drop 2 floors!
  2954 | D:6      | Reached skill level 5 in Armour
  3206 | D:6      | Reached skill level 7 in Axes
  3206 | D:6      | Reached XP level 7. HP: 44/60 MP: 6/6
  3325 | D:6      | Reached skill level 5 in Fighting
  3508 | D:6      | Found a burning altar of Makhleb.
  3598 | D:6      | Reached skill level 8 in Axes
  3611 | D:6      | Noticed a yak
  3611 | D:6      | Noticed a yak
  3611 | D:6      | Noticed a yak
  3612 | D:6      | Noticed a yak
  3612 | D:6      | Noticed a yak
  3613 | D:6      | Noticed a yak
  3618 | D:5      | Entered Level 5 of the Dungeon
  3618 | D:5      | Found Iligaedou's Armour Emporium.
  3628 | D:5      | Killed a yak
  3628 | D:5      | Reached * piety under Cheibriados
  3629 | D:5      | Reached skill level 5 in Shields
  3629 | D:5      | Reached XP level 8. HP: 51/69 MP: 7/7
  3786 | D:5      | Reached skill level 9 in Axes
  3874 | D:5      | Found a bloodstained altar of Trog.
  3991 | D:4      | Noticed Eustachio
  3998 | D:4      | Killed Eustachio
  3999 | D:4      | Reached skill level 10 in Axes
  4100 | D:4      | Noticed inmateoo's ghost (amateur DsGl)
  4182 | D:4      | Found a shimmering altar of Xom.
  4339 | D:5      | Found Keashedoes's Armour Shop.
  4389 | D:5      | Found Foduzam's General Store.
  4422 | D:5      | Bought a scroll of identify for 24 gold pieces
  4602 | D:5      | Learned a level 2 spell: Blink
  4629 | D:5      | Found Sori's Book Emporium.
  4646 | D:5      | Reached ** piety under Cheibriados
  4648 | D:5      | Reached XP level 9. HP: 76/77 MP: 8/8
  4655 | D:5      | Reached skill level 11 in Axes
  4670 | D:5      | Found Arueckyc's Jewellery Boutique.
  4844 | D:6      | Reached skill level 1 in Translocations
  4852 | D:6      | Reached skill level 12 in Axes
  4973 | D:6      | Found a sparkling altar of Nemelex Xobeh.
  5088 | D:6      | Found Useab Vewo's Antique Armour Emporium.
  5286 | D:7      | Noticed Maggie
  5299 | D:7      | Killed Maggie
  5391 | D:7      | Identified the +9 whip "Beotyno" {holy, rCorr Str+4 Dex+2}
  5568 | D:7      | Found a stormy altar of Qazlal.
  5771 | D:7      | Reached *** piety under Cheibriados
  5894 | D:4      | Killed inmateoo's ghost
  5895 | D:4      | Reached skill level 13 in Axes
  5895 | D:4      | Reached XP level 10. HP: 61/86 MP: 9/9
  6333 | D:8      | Found a transporter.
  6335 | D:8      | Found a transporter.
  6335 | D:8      | Noticed zikan's ghost (novice HOFi)
  6978 | D:8      | Reached **** piety under Cheibriados
  7196 | D:9      | Reached skill level 14 in Axes
  7198 | D:9      | Reached skill level 1 in Invocations
  7762 | D:9      | Found an iron altar of Okawaru.
  7780 | D:9      | Reached ***** piety under Cheibriados
  7783 | D:9      | Reached XP level 11. HP: 94/94 MP: 11/11
  7888 | D:9      | Found a staircase to the Orcish Mines.
  8365 | D:9      | Found a staircase to the Lair.
  8536 | D:10     | Entered Level 10 of the Dungeon
  8580 | D:10     | Reached skill level 15 in Axes
  8589 | D:10     | Found an opulent altar of Gozag.
  8607 | D:10     | Noticed a deep elf pyromancer
  8610 | D:10     | Killed a deep elf pyromancer
  8679 | D:10     | Noticed Maurice
  8681 | D:10     | Reached skill level 1 in Spellcasting
  8695 | D:10     | Paralysed by Maurice for 4 turns
  8703 | D:10     | Paralysed by something for 2 turns
  8712 | D:10     | Killed Maurice
  9318 | D:11     | Found a frozen archway.
  9331 | IceCv    | Entered an ice cave
 10091 | IceCv    | Noticed an ice dragon
 10098 | IceCv    | Killed an ice dragon
 10099 | IceCv    | Found the ring of the Tortoise {AC+8}
 10105 | IceCv    | Reached skill level 16 in Axes
 10109 | IceCv    | Reached ****** piety under Cheibriados
 10544 | D:11     | Noticed a two-headed ogre
 10545 | D:11     | Noticed a deep elf pyromancer
 10550 | D:11     | Killed a two-headed ogre
 10555 | D:11     | Killed a deep elf pyromancer
 10568 | D:11     | Noticed a soul eater
 10960 | D:11     | Reached XP level 12. HP: 87/103 MP: 14/14
 11346 | D:12     | Reached skill level 1 in Maces & Flails
 11359 | D:12     | Noticed a boulder beetle
 11366 | D:12     | Killed a boulder beetle
 11428 | D:12     | Reached skill level 10 in Armour
 11891 | D:12     | Noticed a boulder beetle
 11921 | D:12     | Killed a boulder beetle
 12024 | D:13     | Noticed a two-headed ogre
 12032 | D:13     | Killed a two-headed ogre
 12075 | D:13     | Reached skill level 5 in Invocations
 12168 | D:13     | Noticed a two-headed ogre
 12176 | D:13     | Killed a two-headed ogre
 12227 | D:13     | Noticed a two-headed ogre
 12227 | D:13     | Noticed Azrael
 12235 | D:13     | Killed a two-headed ogre
 12241 | D:13     | Killed Azrael
 12242 | D:13     | Reached skill level 5 in Maces & Flails
 12453 | D:13     | Reached skill level 5 in Translocations
 12634 | D:13     | Noticed a centaur warrior
 12650 | D:13     | Killed a centaur warrior
 12651 | D:13     | Reached skill level 10 in Fighting
 12889 | D:13     | Noticed Sonja
 12889 | D:13     | Noticed Erolcha
 12892 | D:13     | Killed Sonja
 12902 | D:13     | Killed Erolcha
 13371 | D:13     | Reached XP level 13. HP: 37/113 MP: 13/17
 14097 | D:8      | Killed zikan's ghost
 14329 | Orc:1    | Entered Level 1 of the Orcish Mines
 14494 | Orc:1    | Noticed an orc warlord
 14505 | Orc:1    | Killed an orc warlord
 15016 | Orc:1    | You fall into a shaft and drop 1 floor!
 15016 | Orc:2    | Entered Level 2 of the Orcish Mines
 15539 | Orc:2    | Found a burning altar of Makhleb.
 15541 | Orc:2    | Found a staircase to the Elven Halls.
 16060 | Orc:2    | Found Iretaweq's Magic Scroll Shop.
 16060 | Orc:2    | Found Azarimm's Assorted Antiques.
 16062 | Orc:2    | Found Wockoibi's Magic Scroll Shoppe.
 16064 | Orc:2    | Found Zeetuoj's Jewellery Boutique.
 16072 | Orc:2    | Bought a scroll of enchant armour for 97 gold pieces
 16072 | Orc:2    | Bought a scroll of teleportation for 39 gold pieces
 16072 | Orc:2    | Bought a scroll of identify for 26 gold pieces
 16072 | Orc:2    | Bought a scroll of identify for 26 gold pieces
 16072 | Orc:2    | Bought a scroll of identify for 26 gold pieces
 16081 | Orc:2    | Bought a scroll of identify for 30 gold pieces
 16081 | Orc:2    | Bought a scroll of identify for 30 gold pieces
 16675 | Lair:1   | Entered Level 1 of the Lair of Beasts
 16926 | Lair:1   | Reached skill level 17 in Axes
 17289 | Lair:1   | Reached skill level 10 in Shields
 17772 | Lair:1   | Reached XP level 14. HP: 89/124 MP: 19/19
 18145 | D:3      | Bought a book of Burglary for 200 gold pieces
 18145 | D:3      | Bought a book of Spatial Translocations for 260 gold pieces
 18149 | D:3      | Learned a level 3 spell: Lesser Beckoning
 18479 | Lair:2   | Learned a level 5 spell: Manifold Assault
 18525 | Lair:2   | Found a staircase to the Snake Pit.
 19267 | Lair:2   | Found a staircase to the Shoals.
 19433 | Lair:3   | Found a gate leading to a gauntlet.
 19443 | Gauntlet | Entered a Gauntlet
 19443 | Gauntlet | Found a transporter.
 19443 | Gauntlet | Found a transporter.
 19443 | Gauntlet | Found a transporter.
 19454 | Gauntlet | Found a transporter.
 19469 | Gauntlet | Found a transporter.
 19479 | Gauntlet | Found a transporter.
 19481 | Gauntlet | Found a large runed translucent door.
 19482 | Gauntlet | Found a large runed translucent door.
 19483 | Gauntlet | Found a large runed translucent door.
 19483 | Gauntlet | Found a large runed translucent door.
 19483 | Gauntlet | Found a runed translucent door.
 19483 | Gauntlet | Found a runed translucent door.
 19484 | Gauntlet | Found a large runed translucent door.
 19485 | Gauntlet | Found a large runed translucent door.
 19486 | Gauntlet | Found a large runed translucent door.
 19486 | Gauntlet | Found a large runed translucent door.
 19487 | Gauntlet | Found a runed translucent gate.
 19487 | Gauntlet | Found a runed translucent gate.
 19487 | Gauntlet | Found a runed translucent gate.
 19489 | Gauntlet | Found a transporter.
 19498 | Gauntlet | Found a large runed translucent door.
 19498 | Gauntlet | Found a large runed translucent door.
 19499 | Gauntlet | Found a large runed translucent door.
 19500 | Gauntlet | Found a large runed translucent door.
 19504 | Gauntlet | Found a transporter.
 19510 | Gauntlet | Found a transporter.
 19524 | Gauntlet | Found a transporter.
 19529 | Gauntlet | Found a transporter.
 19533 | Gauntlet | Found a transporter.
 19544 | Gauntlet | Found a large runed translucent door.
 19546 | Gauntlet | Found a large runed translucent door.
 19547 | Gauntlet | Found a large runed translucent door.
 19547 | Gauntlet | Found a large runed translucent door.
 19990 | Gauntlet | Reached skill level 5 in Spellcasting
 20022 | Gauntlet | Got the Catalogue of Collective Evolution
 20107 | Gauntlet | Identified the +4 dagger of the Stork {vorpal, *Noise Fly
                  | rElec Dex+2}
 20772 | Lair:3   | You are sucked into a shaft and drop 1 floor!
 21738 | Lair:4   | Found a staircase to the Slime Pits.
 21917 | Lair:5   | Entered Level 5 of the Lair of Beasts
 22226 | Lair:5   | Noticed Nessos
 24064 | D:14     | Reached XP level 15. HP: 66/130 MP: 22/22
 24284 | D:14     | Found a gate to the Vaults.
 24313 | D:15     | Entered Level 15 of the Dungeon
 24513 | D:15     | Noticed Agnes
 24522 | D:15     | Killed Agnes
 25282 | D:15     | Found a staircase to the Depths.
 25429 | D:15     | Noticed Jorgrun
 25437 | D:15     | Killed Jorgrun
 25584 | D:15     | Found Wug Rinn's Antique Armour Shoppe.
 25597 | D:15     | Reached skill level 10 in Invocations
 26535 | D:9      | Learned a level 2 spell: Passwall
 26622 | Elf:1    | Entered Level 1 of the Elven Halls
 27202 | Elf:1    | Identified the +1 robe of Bufidam {Regen+ Int+4 Dex-2}
 28608 | Elf:1    | Found Banayret's Magic Scroll Emporium.
 28613 | Elf:1    | Bought a scroll of fear for 80 gold pieces
 28613 | Elf:1    | Bought a scroll of identify for 40 gold pieces
 28613 | Elf:1    | Bought a scroll of identify for 40 gold pieces
 28613 | Elf:1    | Bought a scroll of fog for 80 gold pieces
 28613 | Elf:1    | Bought a scroll of teleportation for 60 gold pieces
 28613 | Elf:1    | Bought a scroll of blinking for 150 gold pieces
 28613 | Elf:1    | Bought a scroll of identify for 40 gold pieces
 28613 | Elf:1    | Bought a scroll of amnesia for 80 gold pieces
 28613 | Elf:1    | Bought a scroll of identify for 40 gold pieces
 28613 | Elf:1    | Bought a scroll of fear for 80 gold pieces
 28613 | Elf:1    | Identified a scroll of acquirement
 28620 | Elf:1    | Acquired the +7 broad axe "Cookie Cutter" {pain, *Corrode
                  | rElec Will+ Str+4}
 29018 | Elf:2    | Reached skill level 1 in Transmutations
 29056 | Elf:2    | Found a runed translucent gate.
 29468 | Elf:2    | Found Vock's Antique Weapon Shoppe.
 29599 | Elf:2    | Found a runed translucent gate.
 29606 | Elf:2    | Found a runed translucent gate.
 29642 | Elf:2    | Reached XP level 16. HP: 137/137 MP: 25/25
 31763 | Elf:3    | Entered Level 3 of the Elven Halls
 31769 | Elf:3    | Reached skill level 15 in Armour
 32029 | Elf:3    | Noticed Asterion
 32055 | Elf:3    | Killed Asterion
 32340 | Elf:3    | Found Ijob's Antique Armour Boutique.
 33248 | Elf:3    | Noticed a deep elf blademaster
 33255 | Elf:3    | Noticed a deep elf master archer
 33264 | Elf:3    | HP: 5/137 [deep elf blademaster/+0 rapier (13)]
 33264 | Elf:3    | Shot with an arrow by a deep elf master archer

Illustrated notes

Levels and vault maps discovered:
D:1:      eino_arrival_cavern_b, layout_rooms,
          chequers_ecumenical_altar_simple_redux
D:2:      minmay_spotlight, layout_loops_cross, roderic_serpentine_path,
          uniq_robin
D:3:      layout_rooms, kiku_gazebo_pond_becter, serial_shops,
          nicolae_shop_waterfront, serial_glass, glass_columns_b,
          glass_columns_a, glass_columns_b, glass_columns_a, glass_columns_a,
          glass_columns_a, glass_columns_a, glass_columns_a, uniq_terence
D:4:      layout_loops_ring, led_xom_imps,
          minmay_temple_entry_statues_fountains, gammafunk_ghost_gnarly_gnolls,
          uniq_eustachio
D:5:      layout_cave_pools, trog_ov_bears_minmay, serial_shops, shop, shop,
          nicolae_square_shop, nicolae_diamond_shop, nicolae_shop_behind_doors
D:6:      layout_basic, lemuel_tele_altar, lightli_temple_of_fire, serial_shops,
          nicolae_shop_overgrown_old_shop, chequers_serial_rivers_large_b,
          chequers_serial_rivers_micro_c, chequers_serial_rivers_micro_c,
          kennysheep_generic_room_9
D:7:      layout_gridville, grunt_qazlal_sundering, uniq_maggie
D:8:      layout_basic, special_room [special_room_orc], gammafunk_ghost_arena
D:9:      layout_roguey, mainiacjoe_overflow_24_doors,
          grunt_lair_entry_orc_guard_hut, hiddenorc1_lemuel, grunt_ogre_cave,
          hangedman_fish_farm
D:10:     layout_roguey, mainiacjoe_overflow_surrounded_room, uniq_maurice
D:11:     layout_stronghold, portal_ice_cave_entry_pillars_2
D:12:     layout_long_grid, nzn_life_drinkers
D:13:     layout_cave_pools, kennysheep_another_room, lightli_minifort,
          uniq_sonja, uniq_erolcha, uniq_azrael
D:14:     layout_roguey, david_vaults_4, nrook_uturn
D:15:     gammafunk_depths_entry_grave, layout_stronghold, serial_shops,
          nicolae_shop_stone, serial_park_tiny_1, uniq_jorgrun, uniq_agnes
Temple:   nicolae_temple_superstar
Lair:1:   layout_chaotic_city, kennysheep_abandoned_house
Lair:2:   layout_chaotic_city, elwin_shoals_entry_rooms,
          minmay_snake_entry_guardpost_medium, fungi_pond_lemuel
Lair:3:   layout_regular_city, gauntlet_entry_generic, lemuel_fruit_fields,
          lemuel_fruit_fields, lemuel_fruit_tree
Lair:4:   layout_concentric_octagons, dpeg_slime_entry_enclosed
Lair:5:   hangedman_lair_caniforms_friends, layout_gridlike, ebering_ghost_xom,
          grunt_megastairs_4, uniq_nessos
Orc:1:    layout_diamond_mine, nicolae_orc_lava_tube
Orc:2:    st_orc_rangers, layout_caves, basic_altar
Elf:1:    nicolae_elf_arrival_fired_up, layout_geoelf_octagon, serial_shops,
          nicolae_shop_hallway_stairs, abandoned_shop, st_stairs_8,
          serial_sigils_hangedman_scratch, dk_noncrumbling_2
Elf:2:    elven_hall_of_blades_hangedman_original [mumra_blade_entry_bloodbath],
          layout_rooms, serial_shops, nicolae_shop_statue_plus,
          grunt_ministairs_7
Elf:3:    minmay_elf_hall_furrowed, layout_loops_cross, serial_shops, shop,
          uniq_asterion

Skill      XL: |  1  2  3  4  5  6  7  8  9 10 11 12 13 14 15 16 |
---------------+-------------------------------------------------+-----
Fighting       | 4 5 6 7 8 10 11 | 11.3
Armour         | 4 5 6 8 9 10 11 13 14 15 | 15.5
Axes           | 3 4 6 7 8 10 13 14 16 17 | 17.1
Shields        | 4 5 6 7 8 10 | 10.4
Translocations | 2 3 4 5 7 8 |  8.7
Invocations    | 2 4 5 7 8 11 13 | 13.0
Spellcasting   | 2 3 4 5 7 |  7.5
Maces & Flails | 6 9 |  9.4
Transmutations | 1 3 |  3.2

Action                   |  1- 3 |  4- 6 |  7- 9 | 10-12 | 13-15 | 16-18 || total
-------------------------+-------+-------+-------+-------+-------+-------++-------
Melee: War axe           |    60 |   135 |    90 |   470 |   812 |       ||  1567
       Headbutt          |     7 |    26 |    39 |   110 |   257 |    56 ||   495
       Hand axe          |       |       |   112 |    22 |       |       ||   134
       Whip              |       |       |       |       |    72 |       ||    72
       Broad axe         |       |       |       |       |   104 |   210 ||   314
 Cast: Lesser Beckoning  |       |       |       |       |     2 |       ||     2
       Manifold Assault  |       |       |       |       |     1 |       ||     1
Invok: Bend Time         |       |       |       |     2 |     3 |     2 ||     7
       Temporal Distorti |       |       |       |     1 |     8 |     5 ||    14
       Slouch            |       |       |       |       |       |     1 ||     1
Evoke: Wand              |       |       |       |       |     1 |       ||     1
  Use: Potion            |     1 |       |     2 |     7 |     9 |     4 ||    23
       Scroll            |       |     8 |       |    11 |    24 |     7 ||    50
 Stab: Distracted        |       |       |       |       |       |     1 ||     1
Armor: Scale mail        |    47 |    74 |    86 |    59 |    65 |   134 ||   465
       Chain mail        |       |       |       |    45 |       |       ||    45
       Ice dragon scales |       |       |       |    92 |   460 |       ||   552
Dodge: Dodged            |    32 |    78 |    62 |   230 |   362 |    65 ||   829
Block: Buckler           |    12 |    34 |    44 |   207 |   523 |    98 ||   918

Table legend: (Time is in decaauts)
 A = Elapsed time spent in this place.
 B = Non-inter-level travel time spent in this place.
 C = Inter-level travel time spent in this place.
 D = Time resting spent in this place.
 E = Time spent auto-exploring this place.
 F = Levels seen in this place.
 G = Mean time per level.
                   A        B        C        D        E       F      G
               +--------+--------+--------+--------+--------+-----+--------+
         Total |  45922 |  41710 |   4212 |  11197 |  24039 |  28 | 1640.1 |
       Dungeon |  23627 |  20927 |   2700 |   4007 |  14186 |  15 | 1575.1 |
        Temple |    154 |    130 |     24 |      0 |     41 |   1 |  154.0 |
          Lair |   7885 |   7244 |    641 |   1493 |   4864 |   5 | 1577.0 |
  Orcish Mines |   3663 |   3419 |    244 |   1205 |   1579 |   2 | 1831.5 |
   Elven Halls |   8239 |   7637 |    602 |   3635 |   2483 |   3 | 2746.3 |
      Ice Cave |   1385 |   1385 |      0 |    531 |    489 |   1 | 1385.0 |
      Gauntlet |    967 |    967 |      0 |    326 |    396 |   1 |  967.0 |
               +--------+--------+--------+--------+--------+-----+--------+

Top non-repeatable levels by time:
   Elf:1: 3780 daAuts
   Elf:2: 2852 daAuts
    D:15: 2843 daAuts
     D:9: 2480 daAuts
    D:14: 2267 daAuts
    D:13: 2238 daAuts
  Lair:1: 2060 daAuts
  Lair:3: 2021 daAuts
    D:11: 1957 daAuts
   Orc:1: 1900 daAuts
     D:6: 1847 daAuts
   Orc:2: 1763 daAuts
     D:4: 1731 daAuts
  Lair:4: 1730 daAuts
   Elf:3: 1605 daAuts
